[Event "Titled Tuesday Blitz May 23 Early 2023"]
[White "Maltsevskaya, Aleksandra"]
[Black "Zacurdajev, Dmitry"]
[WhiteFideId "24174041"]
[BlackFideId "4196309"]
[WhiteElo "2302"]
[BlackElo "2240"]
[Result "1-0"]
[Round "05"]
[TimeControl "180+2"]
[Date "2023.05.23"]
[WhiteClock "0:00:28"]
[BlackClock "0:00:00"]

1. e4 c6 2. Nc3 d5 3. Nf3 Bg4 4. h3 Bxf3 5. Qxf3 e6 6. g3 Nf6 7. Bg2 Be7 8. O-O Nbd7 9. d4 dxe4 10. Nxe4 Nxe4 11. Qxe4 Nf6 12. Qe3 O-O 13. c4 Qb6 14. b3 a5 15. Rd1 a4 16. Bd2 Rfd8 17. Bc3 axb3 18. Rdb1 Ra3 19. axb3 Rxb3 20. Rxb3 Qxb3 21. Qd3 Bb4 22. Rc1 e5 23. d5 cxd5 24. cxd5 Bxc3 25. Rxc3 Qb2 26. Rb3 Qc1+ 27. Kh2 Qc7 28. Qb5 h6 29. Qxb7 Qxb7 30. Rxb7 Nxd5 31. Rb5 Nf6 32. Rxe5 Re8 33. Rc5 Re2 34. f4 g6 35. Rc4 Kg7 36. g4 Ra2 37. Kg3 h5 38. g5 Ra3+ 39. Bf3 Nd5 40. Kf2 Ne3 41. Rc7 Nf5 42. Bd5 Rxh3 43. Rxf7+ Kh8 44. Rf6 1-0


[Site "https://www.chess.com"]

[Event "Titled Tuesday Blitz May 23 Early 2023"]
[White "Arabidze, Meri"]
[Black "Hoffmann, Asa"]
[WhiteFideId "13604040"]
[BlackFideId "2001470"]
[WhiteElo "2405"]
[BlackElo "2117"]
[Result "0-1"]
[Round "05"]
[TimeControl "180+2"]
[Date "2023.05.23"]
[WhiteClock "0:00:05"]
[BlackClock "0:00:02"]

1. d4 Nf6 2. c4 c5 3. Nf3 cxd4 4. Nxd4 e5 5. Nf3 Nc6 6. Nc3 Bb4 7. Bg5 Qa5 8. Nd2 Bxc3 9. bxc3 Qxc3 10. e3 Ne4 11. Rc1 Qxd2+ 12. Qxd2 Nxd2 13. Kxd2 f6 14. Bh4 d6 15. Be2 Be6 16. Rhd1 Ke7 17. f4 Rac8 18. g4 Na5 19. c5 Rhd8 20. Ke1 exf4 21. cxd6+ Rxd6 22. exf4 Rxd1+ 23. Rxd1 b6 24. Rd2 Rc3 25. Bg3 Bc4 26. Bd1 Re3+ 27. Kf2 Ra3 28. f5 Rxa2 29. Bd6+ Kf7 30. Rxa2 Bxa2 31. Bb8 Nc6 32. Bc7 Bd5 33. Kg3 b5 34. h4 a5 35. g5 a4 36. Bc2 Nd4 37. g6+ hxg6 38. fxg6+ Ke8 39. Bd3 a3 40. Bb6 Nb3 41. Bxb5+ Ke7 42. Ba4 a2 43. Bxb3 a1=Q 44. Bxd5 Qe5+ 45. Kg4 Qxd5 46. Be3 Qe4+ 47. Kh5 Qxe3 48. Kg4 Qe4+ 49. Kh5 Qf5# 0-1


[Site "https://www.chess.com"]

[Event "Titled Tuesday Blitz May 23 Early 2023"]
[White "Korchmar, Vasiliy"]
[Black "Vovk, Orest"]
[WhiteFideId "24131750"]
[BlackFideId "14113490"]
[WhiteElo "2370"]
[BlackElo "2215"]
[Result "1-0"]
[Round "05"]
[TimeControl "180+2"]
[Date "2023.05.23"]
[WhiteClock "0:01:14"]
[BlackClock "0:00:01"]

1. d4 h6 2. e4 g5 3. Bd3 Bg7 4. Ne2 c5 5. c3 Nc6 6. Be3 Qb6 7. Na3 cxd4 8. Nc4 dxe3 9. Nxb6 exf2+ 10. Kxf2 axb6 11. Ng3 d6 12. Nf5 Be5 13. h4 g4 14. Qxg4 Nf6 15. Qf3 h5 16. Rhf1 Ng4+ 17. Kg1 Be6 18. Bb5 Nh2 19. Qf2 Nxf1 20. Qxb6 Kf8 21. Rxf1 Nd8 22. Nd4 Bxa2 23. b3 Rg8 24. Qxd8+ Rxd8 25. Ne6# 1-0


[Site "https://www.chess.com"]

[Event "Titled Tuesday Blitz May 23 Early 2023"]
[White "Kirillov, Dmitry"]
[Black "Filgueira, Hernan"]
[WhiteFideId "34180572"]
[BlackFideId "101770"]
[WhiteElo "2161"]
[BlackElo "2363"]
[Result "0-1"]
[Round "05"]
[TimeControl "180+2"]
[Date "2023.05.23"]
[WhiteClock "0:00:00"]
[BlackClock "0:00:06"]

1. e4 d5 2. exd5 Qxd5 3. Nc3 Qd6 4. d4 Nf6 5. Nf3 c6 6. h3 Bf5 7. Bc4 e6 8. O-O Nbd7 9. Re1 Be7 10. Ne2 O-O 11. c3 Qc7 12. Bf4 Bd6 13. Qd2 Rad8 14. Bxd6 Qxd6 15. Ng3 Bg6 16. Qe2 c5 17. Rad1 Qc7 18. Ne5 cxd4 19. cxd4 Nb6 20. Bb3 a5 21. Qb5 Nbd5 22. Rc1 Qb6 23. Rc5 Qxb5 24. Rxb5 b6 25. Ne2 Rc8 26. a4 Rfd8 27. Rd1 Bc2 28. Rc1 Bxb3 29. Rxc8 Rxc8 30. Rxb3 Rc2 31. Nc3 Nb4 32. Nf3 h6 33. Nd1 Rc1 34. Rc3 Rxd1+ 35. Kh2 Nfd5 36. Rc8+ Kh7 37. Ne5 f6 38. Nd7 Kg6 39. g4 Rd2 40. h4 h5 0-1


[Site "https://www.chess.com"]

[Event "Titled Tuesday Blitz May 23 Early 2023"]
[White "Theytookourjobs"]
[Black "bubeliang"]
[WhiteElo "2351"]
[BlackElo "2602"]
[Result "0-1"]
[Round "05"]
[TimeControl "180+2"]
[Date "2023.05.23"]
[WhiteClock "0:00:00"]
[BlackClock "0:00:03"]

1. d4 Nf6 2. Bf4 d5 3. e3 c5 4. Nc3 cxd4 5. exd4 a6 6. Nf3 Nc6 7. h3 e6 8. Bd3 Bd6 9. Ne2 Qc7 10. Bxd6 Qxd6 11. O-O O-O 12. a4 Bd7 13. c3 Rfe8 14. Re1 Rac8 15. Qd2 Ne4 16. Qf4 Qxf4 17. Nxf4 Nd6 18. Ne5 Nxe5 19. Rxe5 Nc4 20. Bxc4 Rxc4 21. a5 f6 22. Re3 Kf7 23. Nd3 Rc7 24. f4 Bb5 25. Nc5 e5 26. fxe5 fxe5 27. Rf1+ Bxf1 28. Kxf1 e4 29. b4 Kg8 30. Rg3 Rf7+ 31. Ke2 g6 32. Rg5 Rd8 33. Ne6 Rd6 34. Nc5 Kg7 35. Ke3 Rf1 36. Nxb7 Rdf6 37. Rxd5 Re1+ 38. Kd2 Rg1 39. Re5 Rxg2+ 40. Ke3 Rf3+ 41. Kxe4 Rxc3 42. Nc5 Rxh3 43. Re7+ Kh6 44. Ra7 Rg4+ 45. Kd5 Rh5+ 46. Kc4 Rhh4 47. Rd7 Rg1 48. Nxa6 g5 49. Nc5 g4 50. a6 g3 51. a7 Ra1 52. Rd6+ Kh5 53. Ra6 Rxa6 54. Nxa6 g2 55. a8=Q g1=Q 56. Qe8+ Qg6 57. Qe2+ Kh6 58. Qe3+ Qg5 59. Qe6+ Kg7 60. Nc5 Qf6 61. Qd7+ Kh6 62. b5 Rh1 63. b6 Qxb6 64. Qg4 Qg6 65. Qf4+ Qg5 66. Qf8+ Kh5 67. Qf3+ Kg6 68. Qxh1 Qd2 69. Qd5 Qa2+ 70. Nb3 Qc2+ 71. Kb4 Qb2 72. Qc6+ Kg5 73. Qc5+ Kg4 74. Qc8+ Kf4 75. Qf8+ Ke4 76. Qe7+ Kd3 77. Qxh7+ Ke3 0-1


[Site "https://www.chess.com"]

[Event "Titled Tuesday Blitz May 23 Early 2023"]
[White "Sielecki, Christof"]
[Black "Doluhanova, Evgeniya"]
[WhiteFideId "4620437"]
[BlackFideId "14112035"]
[WhiteElo "2443"]
[BlackElo "2159"]
[Result "1-0"]
[Round "05"]
[TimeControl "180+2"]
[Date "2023.05.23"]
[WhiteClock "0:00:08"]
[BlackClock "0:00:15"]

1. e4 c5 2. Nf3 d6 3. Bb5+ Nd7 4. c3 a6 5. Ba4 b5 6. Bc2 g6 7. d4 Bg7 8. O-O Bb7 9. Re1 e5 10. d5 Ne7 11. a4 O-O 12. Na3 Qb6 13. Be3 h6 14. Nd2 f5 15. f3 fxe4 16. fxe4 Nf6 17. Rf1 g5 18. b4 Nd7 19. Nb3 Rxf1+ 20. Qxf1 Rf8 21. Qe2 bxa4 22. bxc5 dxc5 23. Nd2 Qb2 24. Qe1 Qxc3 25. Ndc4 Qxe1+ 26. Rxe1 Nf6 27. Bxc5 Re8 28. Nd6 Rb8 29. Rb1 Nexd5 30. exd5 Nxd5 31. Rxb7 Rd8 32. Bxa4 Nf4 33. Bb3+ Kh8 34. Nf7+ Kh7 35. Nxd8 1-0


[Site "https://www.chess.com"]

[Event "Titled Tuesday Blitz May 23 Early 2023"]
[White "Real_taiatai"]
[Black "Kozak, Adam"]
[BlackFideId "753246"]
[WhiteElo "2349"]
[BlackElo "2469"]
[Result "0-1"]
[Round "05"]
[TimeControl "180+2"]
[Date "2023.05.23"]
[WhiteClock "0:00:04"]
[BlackClock "0:00:04"]

1. f4 Nh6 2. Nf3 d5 3. e3 g6 4. d4 Bg7 5. Bd3 Bf5 6. O-O Bxd3 7. cxd3 c6 8. Nc3 O-O 9. Bd2 Nf5 10. g4 Nd6 11. a4 a5 12. Qb3 Na6 13. Nd1 e6 14. Nf2 c5 15. dxc5 Nxc5 16. Qa3 b6 17. Bc3 Rc8 18. Bxg7 Kxg7 19. Rac1 h6 20. Rc2 f6 21. Rfc1 Qd7 22. b3 Nf7 23. Qb2 g5 24. h4 gxf4 25. exf4 Qd6 26. g5 hxg5 27. hxg5 Qxf4 28. Qxf6+ Qxf6 29. gxf6+ Kxf6 30. d4 Rg8+ 31. Kf1 Rg3 32. Nh2 Rh8 33. Nhg4+ Kg5 34. dxc5 bxc5 35. Rxc5 Rxg4 36. Nxg4 Kxg4 37. Rxa5 Rh1+ 38. Kg2 Rxc1 39. Ra7 Rc2+ 40. Kf1 Ng5 41. Ke1 d4 42. Rd7 e5 43. a5 Kf3 44. a6 Ke3 45. Kd1 Ra2 46. a7 Ne4 47. Kc1 Nc3 48. b4 Kd3 0-1


[Site "https://www.chess.com"]

[Event "Titled Tuesday Blitz May 23 Early 2023"]
[White "Goltseva, Ekaterina"]
[Black "Siva Mahadevan"]
[WhiteFideId "24173770"]
[BlackFideId "25043153"]
[WhiteElo "2114"]
[BlackElo "2249"]
[Result "0-1"]
[Round "05"]
[TimeControl "180+2"]
[Date "2023.05.23"]
[WhiteClock "0:00:00"]
[BlackClock "0:00:17"]

1. d4 Nf6 2. c4 e6 3. g3 c5 4. d5 exd5 5. cxd5 d6 6. Bg2 g6 7. Nc3 Bg7 8. Nf3 O-O 9. O-O h6 10. Re1 Re8 11. Bf4 g5 12. Bc1 Bf5 13. h4 g4 14. Nd2 Nbd7 15. e4 Bg6 16. Nc4 Nb6 17. Na5 Nbxd5 18. Nxd5 Qxa5 19. Bxh6 Nxd5 20. Bxg7 Kxg7 21. Qxd5 Re5 22. Qxd6 Rae8 23. Qd7 Qb4 24. b3 Bxe4 25. Qxg4+ Bg6 26. Qxb4 cxb4 27. Rxe5 Rxe5 28. Bxb7 Re2 29. Bf3 Rb2 30. Kg2 Bb1 31. g4 a5 32. a3 Rxb3 33. axb4 axb4 34. Bd5 Rb2 35. Ra7 Kf6 36. Rxf7+ Ke5 37. Bc4 Be4+ 38. Kg3 Rc2 39. Bf1 Rc3+ 40. f3 Bd5 41. Re7+ Kf6 42. Re8 Rxf3+ 43. Kh2 Rxf1 44. Rf8+ Bf7 45. g5+ Kg7 46. Rb8 b3 47. h5 Rf3 48. Rb7 Kg8 49. Rb8+ Kg7 50. Rb7 Kf8 51. Rb8+ Ke7 52. Rb7+ Kd6 53. g6 Bd5 54. Rb6+ Kc5 55. Rb8 Rf5 56. g7 Rxh5+ 57. Kg3 Rg5+ 58. Kf4 Rxg7 0-1


[Site "https://www.chess.com"]

[Event "Titled Tuesday Blitz May 23 Early 2023"]
[White "Lucas, Arthur"]
[Black "Kaczur, Florian"]
[WhiteFideId "26093073"]
[BlackFideId "705098"]
[WhiteElo "2251"]
[BlackElo "2485"]
[Result "0-1"]
[Round "05"]
[TimeControl "180+2"]
[Date "2023.05.23"]
[WhiteClock "0:02:30"]
[BlackClock "0:02:18"]

1. e4 e6 2. d4 d5 3. Nc3 Bb4 4. e5 c5 5. Bd2 Bd7 6. Nb5 Bxd2+ 7. Qxd2 Bxb5 8. Bxb5+ Nd7 9. dxc5 Qc7 10. b4 Qxe5+ 11. Ne2 Qxa1+ 12. Nc1 Qe5+ 13. Kf1 Nf6 14. Nd3 Qa1+ 15. Ke2 Qxh1 16. Ne5 Qxh2 0-1


[Site "https://www.chess.com"]

[Event "Titled Tuesday Blitz May 23 Early 2023"]
[White "Ordekalog"]
[Black "Smirnov, Pavel"]
[BlackFideId "4123425"]
[WhiteElo "2497"]
[BlackElo "2520"]
[Result "1-0"]
[Round "05"]
[TimeControl "180+2"]
[Date "2023.05.23"]
[WhiteClock "0:00:01"]
[BlackClock "0:00:00"]

1. e4 e5 2. Nf3 Nc6 3. Bb5 a6 4. Bxc6 dxc6 5. O-O Bd6 6. d4 exd4 7. Qxd4 f6 8. c4 c5 9. Qc3 Be6 10. e5 fxe5 11. Nxe5 Nf6 12. Bg5 O-O 13. Nd2 Qe8 14. Ndf3 Ne4 15. Qe3 Nxg5 16. Qxg5 Rf5 17. Qe3 b5 18. Rfe1 Qc8 19. Rad1 Qb7 20. Nc6 Bxc4 21. Rxd6 cxd6 22. Ne7+ Kh8 23. Nxf5 Qd7 24. Qg5 h6 25. Nxh6 gxh6 26. Qxh6+ Qh7 27. Qxd6 Rg8 28. Qxc5 Qg6 29. Qe5+ Kh7 30. g3 Rf8 31. Ng5+ Kg8 32. h4 Bxa2 33. Qc5 Bc4 34. Qc7 Qf5 35. Qa7 b4 36. Re5 Qb1+ 37. Kg2 Qc2 38. Qe3 Qxb2 39. Ne6 Bxe6 40. Rxe6 Qg7 41. Re5 Qf6 42. Rg5+ Kh8 43. Qc5 b3 44. Rh5+ Kg7 45. Qc7+ Rf7 46. Qc5 1-0


[Site "https://www.chess.com"]

[Event "Titled Tuesday Blitz May 23 Early 2023"]
[White "Devaev, Alexander"]
[Black "Tristan, Leonardo"]
[WhiteFideId "4169395"]
[BlackFideId "113816"]
[WhiteElo "2172"]
[BlackElo "2461"]
[Result "1/2-1/2"]
[Round "05"]
[TimeControl "180+2"]
[Date "2023.05.23"]
[WhiteClock "0:00:12"]
[BlackClock "0:00:06"]

1. Nf3 d5 2. c4 e6 3. d4 Nf6 4. cxd5 exd5 5. Nc3 a6 6. Bg5 Be6 7. Qc2 Nbd7 8. e3 Bd6 9. Bd3 c6 10. O-O Qc7 11. Ne2 h6 12. Bf4 O-O 13. Bxd6 Qxd6 14. Ng3 Rfe8 15. Rab1 a5 16. Rfc1 a4 17. Nd2 Ng4 18. b4 axb3 19. axb3 Qb4 20. Nf3 Ra3 21. Ne1 Rea8 22. Bh7+ Kh8 23. Bf5 Ra2 24. Rb2 Qa3 25. Rxa2 Qxa2 26. Bxg4 Bxg4 27. h3 Be6 28. Nd3 Qxc2 29. Rxc2 Ra1+ 30. Rc1 Ra2 31. b4 Nb8 32. Nc5 b6 33. Nd3 Rd2 34. Ne5 Rb2 35. Nxc6 Nxc6 36. Rxc6 Rxb4 37. f4 g6 38. h4 h5 39. Ne2 Rb1+ 40. Nc1 b5 41. Kf2 b4 42. Nd3 b3 43. Rb6 Bf5 44. Nc5 Bc2 45. Kg3 Kg7 46. Kf2 Kf8 47. Rb7 Ke8 48. Rb8+ Ke7 49. Rb6 Kd8 50. Rb7 Kc8 51. Rb4 Kc7 52. Ke2 Kc6 53. Kf2 Ra1 54. Nxb3 Ra2 55. Kg3 Be4 56. Nc5 Rxg2+ 57. Kh3 Re2 58. Rb3 Bg2+ 59. Kg3 Bf1 60. Rc3 Rg2+ 61. Kf3 Ra2 62. Nd3+ Kd6 63. Ne5 Ke6 64. Nc6 Bg2+ 65. Kg3 Be4 66. Ne5 f6 67. Rc6+ Kf5 68. Nd7 Rg2+ 69. Kh3 Bf3 70. Rxf6+ Ke4 71. Re6+ Kd3 72. Nf6 Rg1 73. f5 gxf5 74. Re5 Bg4+ 75. Kh2 Re1 76. Nxg4 fxg4 77. Kg3 Rxe3+ 78. Kf4 Re4+ 79. Kg3 Re3+ 80. Kf4 Rf3+ 81. Kg5 g3 82. Kxh5 g2 83. Rg5 Rf2 84. Kg6 Kxd4 85. h5 Re2 86. h6 Re6+ 87. Kg7 Re7+ 88. Kg8 Re8+ 89. Kf7 Rh8 90. Kg7 Rxh6 91. Kxh6 Ke4 92. Rxg2 d4 93. Kg5 Kf3 94. Rg4 d3 95. Rd4 Ke3 96. Rd6 d2 97. Kg4 Ke2 98. Re6+ Kf2 99. Rd6 Ke2 100. Re6+ Kf2 101. Rd6 Ke2 1/2-1/2


[Site "https://www.chess.com"]

[Event "Titled Tuesday Blitz May 23 Early 2023"]
[White "Djordjevic, Vuk"]
[Black "Belov, Alexei"]
[WhiteFideId "902098"]
[BlackFideId "4128206"]
[WhiteElo "2452"]
[BlackElo "2490"]
[Result "1-0"]
[Round "05"]
[TimeControl "180+2"]
[Date "2023.05.23"]
[WhiteClock "0:00:03"]
[BlackClock "0:00:00"]

1. d4 e6 2. Nf3 d5 3. Bf4 Bd6 4. e3 Bxf4 5. exf4 Ne7 6. c3 b6 7. Bd3 h6 8. O-O O-O 9. Ne5 Ba6 10. Bxa6 Nxa6 11. Qd3 Nb8 12. Nd2 c5 13. Rfe1 Nbc6 14. Ndf3 Rc8 15. Nxc6 Nxc6 16. dxc5 bxc5 17. f5 exf5 18. Qxf5 d4 19. Qxc5 dxc3 20. Qxc3 Qb6 21. Re4 Rfd8 22. Rg4 g6 23. Qa3 Nd4 24. Nxd4 Rxd4 25. Rxd4 Qxd4 26. g3 Rc2 27. Qf3 Qxb2 28. Rd1 Rc1 29. Rxc1 Qxc1+ 30. Kg2 Qc5 31. a4 a5 32. Qb7 Kg7 33. Qb5 Qc3 34. h3 h5 35. h4 Qd2 36. Kf3 Qc3+ 37. Ke2 Qc2+ 38. Ke3 Qc3+ 39. Qd3 Qe5+ 40. Qe4 Qc3+ 41. Ke2 Qb2+ 42. Kf1 Qa1+ 43. Kg2 Qc3 44. Qf3 Qb4 45. Qc6 Kf8 46. Kf3 Ke7 47. Qe4+ Qxe4+ 48. Kxe4 Ke6 49. Kd4 Kd6 50. f3 f6 51. g4 1-0


[Site "https://www.chess.com"]

[Event "Titled Tuesday Blitz May 23 Early 2023"]
[White "Karthik Rajaa"]
[Black "Goncalves, Davi Sulzbacher"]
[WhiteFideId "25035215"]
[BlackFideId "2154510"]
[WhiteElo "2215"]
[BlackElo "2182"]
[Result "1-0"]
[Round "05"]
[TimeControl "180+2"]
[Date "2023.05.23"]
[WhiteClock "0:00:32"]
[BlackClock "0:00:00"]

1. Nf3 Nf6 2. b3 d5 3. Ba3 c6 4. e3 g6 5. Be2 Bg7 6. d4 Ne4 7. O-O O-O 8. c4 Bf5 9. Nfd2 Nd7 10. Nxe4 Bxe4 11. Nc3 Qa5 12. Qc1 Rfe8 13. Nxe4 dxe4 14. b4 Qf5 15. h3 h5 16. b5 c5 17. Bb2 Rac8 18. Rd1 Nb6 19. d5 e6 20. Bxg7 Kxg7 21. dxe6 Qxe6 22. a4 Rcd8 23. Qc3+ Qf6 24. Qa5 Rxd1+ 25. Rxd1 Ra8 26. Bf1 Qb2 27. Rd6 Nc8 28. Rd8 b6 29. Qe1 Qf6 30. Qd1 Qe6 31. Qa1+ f6 32. Qd1 a6 33. Qd5 Qxd5 34. cxd5 axb5 35. Bxb5 Kf7 36. d6 Ke6 37. d7 1-0


[Site "https://www.chess.com"]

[Event "Titled Tuesday Blitz May 23 Early 2023"]
[White "Martinez Ramirez, Lennis"]
[Black "Zaitsev, Alexander"]
[WhiteFideId "3509079"]
[BlackFideId "4164490"]
[WhiteElo "2410"]
[BlackElo "2373"]
[Result "1-0"]
[Round "05"]
[TimeControl "180+2"]
[Date "2023.05.23"]
[WhiteClock "0:00:11"]
[BlackClock "0:00:00"]

1. d4 Nf6 2. c4 e6 3. Nf3 Bb4+ 4. Bd2 c5 5. Bxb4 cxb4 6. g3 O-O 7. Bg2 d6 8. O-O Nc6 9. a3 bxa3 10. Rxa3 e5 11. e3 Bg4 12. h3 Bh5 13. g4 Bg6 14. Nc3 Re8 15. d5 Nb4 16. Ne1 Nd7 17. e4 Nc5 18. Nc2 a5 19. Nxb4 axb4 20. Rxa8 Qxa8 21. Nb5 Qd8 22. Re1 Qb6 23. Qd2 Ra8 24. Kh2 h6 25. f3 Ra2 26. Rb1 b3 27. Nc3 Qb4 28. Bf1 Ra6 29. Rd1 Qb6 30. Kg2 h5 31. Be2 h4 32. Qg5 Ra2 33. Rd2 Na4 34. Nxa4 Rxa4 35. Qxh4 Qe3 36. Qd8+ Kh7 37. Qh4+ Kg8 38. Qe1 Ra2 39. Rd3 Qc5 40. Rxb3 f6 41. Qf2 Qc8 42. Qb6 Kh7 43. Qxd6 Qa8 44. Qb4 Ra1 45. Qb6 Qa4 46. Qb4 Qa7 47. c5 Rc1 48. Rc3 1-0


[Site "https://www.chess.com"]

[Event "Titled Tuesday Blitz May 23 Early 2023"]
[White "Camilla_Lee"]
[Black "Flynn, Jacob"]
[BlackFideId "2509393"]
[WhiteElo "2682"]
[BlackElo "2053"]
[Result "0-1"]
[Round "05"]
[TimeControl "180+2"]
[Date "2023.05.23"]
[WhiteClock "0:00:01"]
[BlackClock "0:00:06"]

1. e4 e5 2. Nf3 Nc6 3. Nc3 Nf6 4. d4 exd4 5. Nd5 Nb4 6. Bc4 Nbxd5 7. exd5 Bc5 8. O-O O-O 9. Bg5 h6 10. Bh4 d6 11. Nxd4 g5 12. Bg3 Ne4 13. Re1 Nxg3 14. hxg3 Qf6 15. Nb3 Bxf2+ 16. Kh2 Bxe1 17. Qxe1 Bd7 18. Qb4 b6 19. Rf1 Qg7 20. Bd3 Rae8 21. Qc4 Rc8 22. c3 Rfe8 23. Nd4 Re7 24. Bf5 Qe5 25. Bxd7 Rxd7 26. Nc6 Qe3 27. Qg4 Qe8 28. Qf5 Ra8 29. Qf6 Kh7 30. g4 a5 31. Rf3 Rdd8 32. Nxd8 Rxd8 33. Qxf7+ Qxf7 34. Rxf7+ Kg6 35. Rxc7 Kf6 36. Rb7 Ke5 37. c4 Kd4 38. b3 Kc5 39. Rc7+ Kb4 40. Rc6 Ka3 41. Rxb6 Kxa2 42. Kg3 Kb2 43. Kf3 Kc3 44. Ke4 a4 45. bxa4 Kxc4 46. Rb5 Ra8 47. Kf5 Rxa4 48. Rb1 Kxd5 49. Rd1+ Kc5 50. Rh1 Rf4+ 51. Kg6 Rxg4 52. Rg1 Rh4 53. g3 Rh2 54. Rc1+ Kd5 55. Rd1+ Ke5 56. Re1+ Kd5 57. Rd1+ Ke6 58. Re1+ Kd7 59. Rd1 Rh3 60. g4 Rh4 61. Rd2 Rxg4 62. Kxh6 Rg1 63. Kh5 Ke6 64. Re2+ Kd5 65. Rd2+ Ke5 66. Re2+ Kf5 67. Rf2+ Ke4 68. Rf8 d5 69. Re8+ Kd3 70. Rd8 d4 71. Kg6 Kc3 72. Kf5 d3 73. Rc8+ Kd2 74. Rd8 Ke2 75. Re8+ Kd1 76. Ke4 Re1+ 77. Kxd3 Rxe8 0-1


[Site "https://www.chess.com"]

[Event "Titled Tuesday Blitz May 23 Early 2023"]
[White "Jia, Haoxiang"]
[Black "Barbot, Pierre"]
[WhiteFideId "8602999"]
[BlackFideId "663727"]
[WhiteElo "2681"]
[BlackElo "2431"]
[Result "1-0"]
[Round "05"]
[TimeControl "180+2"]
[Date "2023.05.23"]
[WhiteClock "0:01:08"]
[BlackClock "0:00:00"]

1. d4 Nf6 2. c4 g6 3. g3 Bg7 4. Bg2 d5 5. cxd5 Nxd5 6. e4 Nb6 7. Ne2 c5 8. Be3 Nc6 9. e5 cxd4 10. Bxc6+ bxc6 11. Bxd4 Qd5 12. O-O Bxe5 13. Nbc3 Qd6 14. Bxe5 Qxe5 15. Nd4 Bb7 16. Re1 Qc7 17. Qe2 Rd8 18. Rad1 Rd7 19. Ne4 O-O 20. Nc5 Rd5 21. Qxe7 Qxe7 22. Rxe7 Bc8 23. b4 1-0


[Site "https://www.chess.com"]

[Event "Titled Tuesday Blitz May 23 Early 2023"]
[White "Domingo Nunez, Ruben"]
[Black "Andreev, Konstantin"]
[WhiteFideId "22245570"]
[BlackFideId "24239305"]
[WhiteElo "2404"]
[BlackElo "2106"]
[Result "1-0"]
[Round "05"]
[TimeControl "180+2"]
[Date "2023.05.23"]
[WhiteClock "0:00:55"]
[BlackClock "0:00:00"]

1. c4 Nf6 2. Nf3 Nc6 3. g3 e5 4. Nc3 d5 5. cxd5 Nxd5 6. Bg2 Bc5 7. O-O Nb6 8. a4 a5 9. d3 O-O 10. Bg5 f6 11. Qb3+ Kh8 12. Be3 Bxe3 13. fxe3 Re8 14. Rac1 Be6 15. Qa3 Nb4 16. Nd2 c6 17. Nde4 Qe7 18. b3 N6d5 19. Nxd5 cxd5 20. Nc3 Rad8 21. Nb5 Rd7 22. Qb2 Qf7 23. Rc5 d4 24. Rxe5 fxe5 25. Rxf7 Bxf7 26. exd4 Rc8 27. Bf3 Rc2 28. Qa1 exd4 29. Nxd4 Rc5 30. Bg4 Rdc7 31. Kf2 Bd5 32. Nf5 Kg8 33. Qe5 Kf7 34. Nd6+ Kg6 35. Qf5+ 1-0


[Site "https://www.chess.com"]

[Event "Titled Tuesday Blitz May 23 Early 2023"]
[White "Rodchenkov, Sergey D."]
[Black "Alex_Sahakyan2006"]
[WhiteFideId "4168712"]
[WhiteElo "2277"]
[BlackElo "2670"]
[Result "1/2-1/2"]
[Round "05"]
[TimeControl "180+2"]
[Date "2023.05.23"]
[WhiteClock "0:00:06"]
[BlackClock "0:00:17"]

1. e4 g6 2. d4 Bg7 3. Nc3 a6 4. Be3 b5 5. Qd2 Bb7 6. Bd3 d6 7. f3 Nd7 8. h4 h5 9. Nh3 c5 10. dxc5 Nxc5 11. Ng5 Rc8 12. a3 Nf6 13. O-O-O Nfd7 14. Be2 Nb6 15. Bd4 e5 16. Bxc5 Rxc5 17. Qxd6 Qxd6 18. Rxd6 Nc8 19. Rd3 Bh6 20. Rhd1 O-O 21. Kb1 Nb6 22. Rd6 Nc4 23. Bxc4 Rxc4 24. Rb6 Bc8 25. Nd5 Kg7 26. Ne7 Bxg5 27. hxg5 Be6 28. Nd5 Rfc8 29. c3 R4c6 30. Rxc6 Rxc6 31. Nb4 Rb6 32. Rd8 f6 33. gxf6+ Kxf6 34. Kc2 Kg5 35. Kd2 Bb3 36. Nd3 Kf6 37. Ke3 a5 38. Nc5 Be6 39. Nxe6 Kxe6 40. Rg8 Kf6 41. Rd8 b4 42. axb4 axb4 43. c4 b3 44. c5 Rb5 45. Rd6+ Kf7 46. Rb6 Rxc5 47. Rxb3 Rc2 48. Rb6 Rxg2 49. b4 Rb2 50. b5 h4 51. Rb7+ Kf6 52. b6 h3 53. Rh7 h2 54. b7 Rxb7 55. Rxh2 Rb3+ 56. Kf2 Rb2+ 57. Kg3 Rxh2 58. Kxh2 Kg5 59. Kg3 Kf6 60. Kg4 Kf7 61. Kh4 Kf6 62. Kg4 Kf7 63. Kg5 Kg7 64. Kg4 Kf6 65. Kh4 Kf7 66. Kg5 Kg7 67. Kg4 Kf6 68. Kh3 Ke6 69. Kg3 Kd6 70. f4 Ke6 71. Kg4 exf4 72. Kxf4 Kf6 73. e5+ Ke6 74. Kg5 Kxe5 75. Kxg6 1/2-1/2


[Site "https://www.chess.com"]

[Event "Titled Tuesday Blitz May 23 Early 2023"]
[White "Toropov, Pavel"]
[Black "Nagare Kaivalya Sandip"]
[WhiteFideId "24129178"]
[BlackFideId "25957929"]
[WhiteElo "2182"]
[BlackElo "2024"]
[Result "0-1"]
[Round "05"]
[TimeControl "180+2"]
[Date "2023.05.23"]
[WhiteClock "0:00:09"]
[BlackClock "0:00:30"]

1. e4 c5 2. Nf3 d6 3. Bb5+ Nd7 4. d4 cxd4 5. Qxd4 Nf6 6. Bxd7+ Bxd7 7. Nc3 e5 8. Qd3 h6 9. Nd2 Be7 10. Nc4 O-O 11. Nxd6 Be6 12. Nf5 Bxf5 13. Qxd8 Rfxd8 14. exf5 Bb4 15. Bd2 Ng4 16. f3 Bxc3 17. bxc3 Nf6 18. Rb1 b6 19. Rb5 Rac8 20. Rxe5 Nd5 21. Re2 Nxc3 22. Bxc3 Rxc3 23. Kf2 Rdc8 24. Rc1 Ra3 25. c4 Rc5 26. g4 h5 27. h3 b5 28. Rec2 b4 29. Rd1 Rc3 30. Rdc1 R5xc4 31. Rxc3 bxc3 32. Ke3 Kh7 33. Kd3 Ra4 34. Rc2 Ra3 35. Kc4 Kh6 36. Kb4 Ra6 37. Rxc3 Rxa2 38. f4 Rf2 39. Rc4 Rf3 40. Kb5 Rxh3 41. g5+ Kh7 42. Rc7 Rf3 43. Rxf7 Rxf4 44. Ka6 Ra4+ 45. Kb7 Rg4 46. g6+ Kh6 47. Kxa7 h4 48. Rf8 Rf4 49. Kb6 Kg5 50. Rh8 Rxf5 0-1


[Site "https://www.chess.com"]

[Event "Titled Tuesday Blitz May 23 Early 2023"]
[White "Hua, Lefong"]
[Black "Shukhman, Anna"]
[WhiteFideId "2602253"]
[BlackFideId "54180058"]
[WhiteElo "2637"]
[BlackElo "2235"]
[Result "0-1"]
[Round "05"]
[TimeControl "180+2"]
[Date "2023.05.23"]
[WhiteClock "0:00:05"]
[BlackClock "0:00:16"]

1. d4 Nf6 2. c4 g6 3. Nc3 d5 4. cxd5 Nxd5 5. e4 Nxc3 6. bxc3 Bg7 7. Nf3 c5 8. Rb1 O-O 9. Be2 cxd4 10. cxd4 Qa5+ 11. Bd2 Qxa2 12. O-O a5 13. Bg5 h6 14. Bxe7 Re8 15. Bc5 Rxe4 16. Bd3 Re8 17. Ne5 Be6 18. Bb5 Rd8 19. Re1 Na6 20. Be7 Rdc8 21. Ra1 Qd5 22. Bc4 Rxc4 23. Nxc4 Qxc4 24. Rxa5 Qxd4 25. Qb1 Qd7 26. Bb4 Rd8 27. h3 Bf5 28. Qb3 Be6 29. Qb1 Qc7 30. Rc1 Qb6 31. Be1 Qxb1 32. Rxb1 Rd7 33. Rab5 Bf5 34. Rxb7 Rxb7 35. Rxb7 Nc5 36. Ra7 Nd3 37. Bd2 Bd4 38. Ra8+ Kg7 39. Be3 Bxe3 40. fxe3 Kf6 41. Ra5 Ne5 42. Kf2 Nc4 43. Ra6+ Ke5 44. Ra7 Be6 45. Ra6 Ke4 46. Ra4 g5 47. Ra8 h5 48. Rg8 f6 49. Rh8 h4 50. Rf8 Ke5 51. Re8 Nd6 52. Ra8 Ne4+ 53. Ke2 Bd5 54. Ra5 Nd6 55. Kf2 Ke6 56. Ra6 f5 57. Ra5 Ne4+ 58. Ke2 Nc3+ 59. Kf2 Nd1+ 60. Ke2 Nb2 61. Kf2 Nc4 62. Ra6+ Ke5 63. Ra7 Nd6 64. Rg7 Ne4+ 65. Ke2 Bc4+ 66. Ke1 f4 67. exf4+ Kxf4 68. Re7 Bd3 69. Rd7 Bb5 70. Rb7 Bc6 71. Rc7 Bd5 72. Kf1 Kg3 73. Kg1 Be6 74. Re7 Bf5 75. Ra7 Nd6 76. Ra4 Be4 77. Rd4 Bxg2 78. Rxd6 Bxh3 79. Rd3+ Kg4 80. Kh2 Bf1 81. Rd4+ Kh5 82. Rd5 Be2 83. Re5 Bf3 84. Rf5 Be4 85. Re5 Bf3 86. Rf5 Kg4 87. Rc5 Kf4 88. Rc4+ Be4 89. Rc8 g4 90. Rf8+ Bf5 91. Rg8 g3+ 92. Kg1 h3 93. Rg7 h2+ 94. Kg2 Be4+ 95. Kf1 h1=Q+ 96. Ke2 Qf3+ 97. Ke1 Qc3+ 98. Kf1 Qxg7 99. Kg1 Qa1# 0-1


[Site "https://www.chess.com"]

[Event "Titled Tuesday Blitz May 23 Early 2023"]
[White "Pham, Le Thao Nguyen"]
[Black "Chor, Kevin"]
[WhiteFideId "12401226"]
[BlackFideId "2090740"]
[WhiteElo "2286"]
[BlackElo "2635"]
[Result "1-0"]
[Round "05"]
[TimeControl "180+2"]
[Date "2023.05.23"]
[WhiteClock "0:00:13"]
[BlackClock "0:00:21"]

1. d4 Nf6 2. Nf3 g6 3. Bf4 Bg7 4. e3 O-O 5. h3 d6 6. c3 b6 7. a4 Bb7 8. a5 bxa5 9. Rxa5 c5 10. Ra3 Nbd7 11. Nbd2 Nd5 12. Bg3 cxd4 13. exd4 e5 14. dxe5 dxe5 15. Be2 e4 16. Nxe4 Ne3 17. fxe3 Bxe4 18. O-O Qb6 19. Qc1 Bh6 20. Nd4 Nc5 21. Bf4 Bg7 22. b4 Nd3 23. Bxd3 Bxd3 24. Rf2 Rac8 25. Qd2 Be4 26. Qa2 Ra8 27. Ra6 Qb7 28. Bd6 Rfe8 29. Bc5 Bd5 30. Qa5 Rxe3 31. Rxa7 Rxa7 32. Qd8+ 1-0


[Site "https://www.chess.com"]